| TOP OF THE 1ST |
|
California Angels batting - Pitching for Kansas City Royals : RHP Elijah Lewis
|
|
Pitching: RHP Elijah Lewis
|
|
|
Batting: RHB Alain Delhaye
|
0-0: Ball 1-0: Called Strike 1-1: Called Strike 1-2: Ball 2-2: Strikes out looking
|
|
Batting: RHB Preston Deakyne
|
0-0: Foul Ball, location: 2F 0-1: Ball 1-1: Ground out 4-3 (Groundball, 4, EV 103.1 MPH)
|
|
Batting: LHB Mark Reeg
|
0-0: Ball 1-0: Called Strike 1-1: Ball 2-1: Ball 3-1: Foul Ball, location: 2F 3-2: Fly out, F7 (Flyball, 7LSF, EV 90.6 MPH)
|
| Top of the 1st over - 0 runs, 0 hits, 0 errors, 0 left on base; California 0 - Kansas City 0 |
| BOTTOM OF THE 1ST |
|
Kansas City Royals batting - Pitching for California Angels : LHP Jeff Baker
|
|
Pitching: LHP Jeff Baker
|
|
|
Batting: SHB Jose Pacheco
|
0-0: Ball 1-0: Fly out, F8 (Flyball, 8RM, EV 91.2 MPH)
|
|
Batting: RHB Matt Belgard
|
0-0: Ball 1-0: Called Strike 1-1: Ball 2-1: Ball 3-1: Swinging Strike 3-2: Strikes out swinging
|
|
Batting: LHB Mike Meyerhoff
|
0-0: Ball 1-0: Fly out, F8 (Flyball, 8RM, EV 86.2 MPH)
|
| Bottom of the 1st over - 0 runs, 0 hits, 0 errors, 0 left on base; California 0 - Kansas City 0 |
| TOP OF THE 2ND |
|
California Angels batting - Pitching for Kansas City Royals : RHP Elijah Lewis
|
|
Batting: LHB Rusty Ney
|
0-0: Ball 1-0: Foul Ball, location: 2F 1-1: Foul Ball, location: 2F 1-2: SINGLE (Groundball, 6S, EV 66.2 MPH) (infield hit)
|
|
Batting: RHB Bjoern Waltersson
|
0-0: Ball 1-0: Ball 2-0: Called Strike 2-1: Called Strike 2-2: Strikes out swinging
|
|
Batting: LHB Jonathon Walton
|
0-0: Foul Ball, location: 2F 0-1: DOUBLE (Line Drive, 89D, EV 98.8 MPH) Rusty Ney to third Runner from 3rd tries for Home, SAFE, throw by RF to home
|
|
Batting: LHB Javier Trujillo
|
0-0: Foul Ball, location: 2F 0-1: Ball 1-1: Fly out, F7 (Flyball, 7D, EV 89.4 MPH)
|
|
Batting: RHB Ryan Munro
|
0-0: Called Strike 0-1: Ball 1-1: Ground out 6-3 (Groundball, 6, EV 87.5 MPH)
|
| Top of the 2nd over - 1 run, 2 hits, 0 errors, 1 left on base; California 1 - Kansas City 0 |
| BOTTOM OF THE 2ND |
|
Kansas City Royals batting - Pitching for California Angels : LHP Jeff Baker
|
|
Batting: RHB Mike Jaquez
|
0-0: Foul Ball, location: 2F 0-1: Called Strike 0-2: Ball 1-2: Foul Ball, location: 2F 1-2: Strikes out swinging
|
|
Batting: LHB Roman Downey
|
0-0: Foul Ball, location: 2F 0-1: Ball 1-1: Ball 2-1: Ball 3-1: Base on Balls
|
|
Batting: SHB Gil Switzer
|
0-0: Ball 1-0: Ball 2-0: Swinging Strike 2-1: Foul Ball, location: 2F 2-2: Strikes out swinging
|
|
Batting: LHB Bill Baconneck
|
0-0: Ball 1-0: Ball 2-0: Ball 3-0: Called Strike 3-1: Called Strike 3-2: Foul Ball, location: 2F 3-2: Fly out, F8 (Flyball, 8LM, EV 94.4 MPH)
|
| Bottom of the 2nd over - 0 runs, 0 hits, 0 errors, 1 left on base; California 1 - Kansas City 0 |
| TOP OF THE 3RD |
|
California Angels batting - Pitching for Kansas City Royals : RHP Elijah Lewis
|
|
Batting: RHB Avery Maxwell
|
0-0: Ball 1-0: Hit by Pitch
|
|
Batting: RHB Alain Delhaye
|
0-0: Ball 1-0: Fly out, F7 (Line Drive, 78M, EV 95.6 MPH)
|
|
Batting: RHB Preston Deakyne
|
0-0: Ball 1-0: DOUBLE (Line Drive, 89D, EV 105.6 MPH) Avery Maxwell to third Runner from 3rd tries for Home, SAFE, no throw by CF
|
|
Batting: LHB Mark Reeg
|
0-0: Foul Ball, location: 2F 0-1: Foul Ball, location: 2F 0-2: DOUBLE (Flyball, 8LXD, EV 112.5 MPH) Preston Deakyne scores
|
|
Batting: LHB Rusty Ney
|
0-0: Ball 1-0: Foul Ball, location: 2F 1-1: Ball 2-1: Foul Ball, location: 2F 2-2: Ball 3-2: Base on Balls
|
|
Batting: RHB Bjoern Waltersson
|
0-0: Ball 1-0: Swinging Strike 1-1: Foul Ball, location: 2F 1-2: Strikes out swinging
|
|
Batting: LHB Jonathon Walton
|
0-0: Ball 1-0: Ball 2-0: Foul Ball, location: 2F 2-1: Foul Ball, location: 2F 2-2: Strikes out swinging
|
| Top of the 3rd over - 2 runs, 2 hits, 0 errors, 2 left on base; California 3 - Kansas City 0 |
| BOTTOM OF THE 3RD |
|
Kansas City Royals batting - Pitching for California Angels : LHP Jeff Baker
|
|
Batting: RHB Walt Cogswell
|
0-0: Ball 1-0: Called Strike 1-1: Ball 2-1: Ground out 6-3 (Groundball, P, EV 85.6 MPH)
|
|
Batting: LHB Manny Estrada
|
0-0: Ball 1-0: Fly out, F8 (Flyball, 8RS, EV 93.8 MPH)
|
|
Batting: SHB Jose Pacheco
|
0-0: Ball 1-0: Ball 2-0: Ball 3-0: Base on Balls
|
|
Batting: RHB Matt Belgard
|
0-0: Ball 1-0: Called Strike 1-1: Called Strike 1-2: Strikes out looking
|
| Bottom of the 3rd over - 0 runs, 0 hits, 0 errors, 1 left on base; California 3 - Kansas City 0 |
| TOP OF THE 4TH |
|
California Angels batting - Pitching for Kansas City Royals : RHP Elijah Lewis
|
|
Batting: LHB Javier Trujillo
|
0-0: Called Strike 0-1: Ball 1-1: SINGLE (Groundball, 4S, EV 95.0 MPH)
|
|
Batting: RHB Ryan Munro
|
0-0: Ball Pickoff Throw to First - Error! E1 Javier Trujillo to second 1-0: Called Strike 1-1: Swinging Strike 1-2: Ball 2-2: Strikes out swinging
|
|
Batting: RHB Avery Maxwell
|
0-0: DOUBLE (Line Drive, 9LS, EV 102.5 MPH) Javier Trujillo scores
|
|
Batting: RHB Alain Delhaye
|
0-0: Ball 1-0: Called Strike 1-1: Ball 2-1: Ball 3-1: Fly out, F9 (Line Drive, 9S, EV 91.9 MPH)
|
|
Batting: RHB Preston Deakyne
|
0-0: Ball 1-0: Ball 2-0: Ball 3-0: Base on Balls
|
|
Batting: LHB Mark Reeg
|
0-0: Foul Ball, location: 2F 0-1: Fielders Choice at 2nd, 5-4 (Groundball, 5, EV 88.1 MPH)
|
| Top of the 4th over - 1 run, 2 hits, 1 error, 2 left on base; California 4 - Kansas City 0 |
| BOTTOM OF THE 4TH |
|
Kansas City Royals batting - Pitching for California Angels : LHP Jeff Baker
|
|
Batting: LHB Mike Meyerhoff
|
0-0: Ball 1-0: Swinging Strike 1-1: Foul Ball, location: 2F 1-2: Ball 2-2: Foul Ball, location: 2F 2-2: Fly out, F7 (Flyball, 7D, EV 88.1 MPH)
|
|
Batting: RHB Mike Jaquez
|
0-0: Foul Ball, location: 2F 0-1: Called Strike 0-2: Ground out 4-3 (Groundball, 6M, EV 83.8 MPH)
|
|
Batting: LHB Roman Downey
|
0-0: Fly out, F8 (Flyball, 78M, EV 83.8 MPH)
|
| Bottom of the 4th over - 0 runs, 0 hits, 0 errors, 0 left on base; California 4 - Kansas City 0 |
| TOP OF THE 5TH |
|
California Angels batting - Pitching for Kansas City Royals : RHP Elijah Lewis
|
|
Batting: LHB Rusty Ney
|
0-0: Ground out 4-3 (Groundball, 4, EV 106.2 MPH)
|
|
Batting: RHB Bjoern Waltersson
|
0-0: Swinging Strike 0-1: Ball 1-1: Ball 2-1: Foul Ball, location: 2F 2-2: Foul Ball, location: 2F 2-2: Strikes out looking
|
|
Batting: LHB Jonathon Walton
|
0-0: Called Strike 0-1: Ball 1-1: Swinging Strike 1-2: Ball 2-2: Foul Ball, location: 2F 2-2: Ball 3-2: Foul Ball, location: 2F 3-2: Foul Ball, location: 2F 3-2: Strikes out swinging, 2-3 out at first.
|
| Top of the 5th over - 0 runs, 0 hits, 0 errors, 0 left on base; California 4 - Kansas City 0 |
| BOTTOM OF THE 5TH |
|
Kansas City Royals batting - Pitching for California Angels : LHP Jeff Baker
|
|
Batting: SHB Gil Switzer
|
0-0: Called Strike 0-1: DOUBLE (Flyball, 8RXD, EV 106.9 MPH)
|
|
Batting: LHB Bill Baconneck
|
0-0: Fly out, F6 (Popup, 6MD, EV 43.1 MPH)
|
|
Batting: RHB Walt Cogswell
|
0-0: Ground out 6-3 (Groundball, P, EV 91.9 MPH) Gil Switzer to third
|
|
Batting: LHB Manny Estrada
|
0-0: Fly out, F2 (Popup, 2RF, EV 95.0 MPH)
|
| Bottom of the 5th over - 0 runs, 1 hit, 0 errors, 1 left on base; California 4 - Kansas City 0 |
| TOP OF THE 6TH |
|
California Angels batting - Pitching for Kansas City Royals : RHP Elijah Lewis
|
|
Batting: LHB Javier Trujillo
|
0-0: Swinging Strike 0-1: Ball 1-1: Ball 2-1: Ground out 4-3 (Groundball, 4, EV 78.1 MPH)
|
|
Batting: RHB Ryan Munro
|
0-0: Ground out 6-3 (Groundball, 56, EV 91.2 MPH)
|
|
Batting: RHB Avery Maxwell
|
0-0: Called Strike 0-1: Ball 1-1: Swinging Strike 1-2: Foul Ball, location: 2F 1-2: Ball 2-2: SINGLE (Groundball, 6MD, EV 99.4 MPH)
|
|
Pitching: RHP Brandon Ferrari
|
|
|
Batting: RHB Alain Delhaye
|
0-0: Ball 1-0: Called Strike 1-1: SINGLE (Groundball, 5D, EV 96.9 MPH) Avery Maxwell to second Runner from 2nd tries for 3rd, SAFE, throw by LF made to third Alain Delhaye to second
|
|
Batting: RHB Preston Deakyne
|
0-0: Ball 1-0: Foul Ball, location: 2F 1-1: Foul Ball, location: 2F 1-2: Ball 2-2: Strikes out swinging
|
| Top of the 6th over - 0 runs, 2 hits, 0 errors, 2 left on base; California 4 - Kansas City 0 |
| BOTTOM OF THE 6TH |
|
Kansas City Royals batting - Pitching for California Angels : LHP Jeff Baker
|
|
Batting: SHB Jose Pacheco
|
0-0: Swinging Strike 0-1: Ball 1-1: Swinging Strike 1-2: Foul Ball, location: 2F 1-2: Ball 2-2: Strikes out swinging
|
|
Batting: RHB Matt Belgard
|
0-0: Called Strike 0-1: SINGLE (Line Drive, 7S, EV 105.6 MPH)
|
|
Batting: LHB Mike Meyerhoff
|
0-0: Called Strike Matt Belgard steals 2nd base 0-1: Ball 1-1: Ball 2-1: Swinging Strike 2-2: Strikes out looking
|
|
Batting: RHB Mike Jaquez
|
0-0: Called Strike 0-1: Ball 1-1: Ground out 6-3 (Groundball, 6, EV 103.1 MPH)
|
| Bottom of the 6th over - 0 runs, 1 hit, 0 errors, 1 left on base; California 4 - Kansas City 0 |
| TOP OF THE 7TH |
|
California Angels batting - Pitching for Kansas City Royals : RHP Brandon Ferrari
|
|
Batting: LHB Mark Reeg
|
0-0: Foul Ball, location: 2F 0-1: Ball 1-1: Ball 2-1: Swinging Strike 2-2: Foul Ball, location: 2F 2-2: Foul Ball, location: 2F 2-2: Strikes out looking
|
|
Batting: LHB Rusty Ney
|
0-0: TRIPLE (Flyball, 89XD, EV 99.4 MPH)
|
|
Batting: RHB Bjoern Waltersson
|
0-0: Called Strike 0-1: Fly out, F8 (Flyball, 8LXD, EV 93.8 MPH) Runner from 3rd tags up, SCORES, no throw by CF
|
|
Batting: LHB Jonathon Walton
|
0-0: Ball 1-0: Ball 2-0: Foul Ball, location: 2F 2-1: Ball 3-1: SINGLE (Flyball, 3D, EV 90.0 MPH)
|
|
Batting: LHB Javier Trujillo
|
0-0: Ball 1-0: Fly out, F7 (Flyball, 7, EV 88.8 MPH)
|
| Top of the 7th over - 1 run, 2 hits, 0 errors, 1 left on base; California 5 - Kansas City 0 |
| BOTTOM OF THE 7TH |
|
Kansas City Royals batting - Pitching for California Angels : LHP Jeff Baker
|
|
Batting: LHB Roman Downey
|
0-0: Called Strike 0-1: Swinging Strike 0-2: Foul Ball, location: 2F 0-2: Strikes out swinging
|
|
Batting: SHB Gil Switzer
|
0-0: Called Strike 0-1: Ball 1-1: Foul Ball, location: 2F 1-2: Strikes out looking
|
|
Batting: LHB Bill Baconneck
|
0-0: Ball 1-0: Ball 2-0: Called Strike 2-1: Swinging Strike 2-2: Fly out, F9 (Line Drive, 9S, EV 105.0 MPH)
|
| Bottom of the 7th over - 0 runs, 0 hits, 0 errors, 0 left on base; California 5 - Kansas City 0 |
| TOP OF THE 8TH |
|
California Angels batting - Pitching for Kansas City Royals : RHP Brandon Ferrari
|
|
Batting: RHB Ryan Munro
|
0-0: Ground out 6-3 (Groundball, 6M, EV 88.8 MPH)
|
|
Batting: RHB Avery Maxwell
|
0-0: Foul Ball, location: 2F 0-1: Foul Ball, location: 2F 0-2: Ball 1-2: Ball 2-2: Strikes out swinging
|
|
Batting: RHB Alain Delhaye
|
0-0: Foul Ball, location: 2F 0-1: Ball 1-1: Swinging Strike 1-2: Strikes out swinging
|
| Top of the 8th over - 0 runs, 0 hits, 0 errors, 0 left on base; California 5 - Kansas City 0 |
| BOTTOM OF THE 8TH |
|
Kansas City Royals batting - Pitching for California Angels : LHP Jeff Baker
|
|
Batting: RHB Walt Cogswell
|
0-0: Foul Ball, location: 2F 0-1: Ball 1-1: Ball 2-1: Foul Ball, location: 2F 2-2: Foul Ball, location: 2F 2-2: Ball 3-2: Strikes out swinging
|
|
Batting: LHB Manny Estrada
|
0-0: Ball 1-0: Swinging Strike 1-1: Ball 2-1: Fly out, F6 (Popup, 4MS, EV 71.2 MPH)
|
|
Batting: SHB Jose Pacheco
|
0-0: Ball 1-0: Called Strike 1-1: TRIPLE (Flyball, 78XD, EV 102.5 MPH)
|
|
Pinch Runner at 3rd Mikolas Markus:
|
|
|
Batting: RHB Matt Belgard
|
0-0: Ball 1-0: Foul Ball, location: 2F 1-1: Ground out 4-3 (Groundball, 4, EV 91.2 MPH)
|
| Bottom of the 8th over - 0 runs, 1 hit, 0 errors, 1 left on base; California 5 - Kansas City 0 |
| TOP OF THE 9TH |
|
California Angels batting - Pitching for Kansas City Royals : RHP Brandon Ferrari
|
|
Now at 3B: Mikolas Markus
|
|
|
Now at SS: Matt Belgard
|
|
|
Batting: RHB Preston Deakyne
|
0-0: Ball 1-0: Ball 2-0: Called Strike 2-1: Ball 3-1: Called Strike 3-2: Fly out, F4 (Line Drive, 4M, EV 60.0 MPH)
|
|
Batting: LHB Mark Reeg
|
0-0: Foul Ball, location: 2F 0-1: Ball 1-1: Ball 2-1: Fly out, F7 (Flyball, 7LM, EV 91.9 MPH)
|
|
Batting: LHB Rusty Ney
|
0-0: Foul Ball, location: 2F 0-1: Ball 1-1: Foul Ball, location: 2F 1-2: Strikes out swinging
|
| Top of the 9th over - 0 runs, 0 hits, 0 errors, 0 left on base; California 5 - Kansas City 0 |
| BOTTOM OF THE 9TH |
|
Kansas City Royals batting - Pitching for California Angels : LHP Jeff Baker
|
|
Batting: LHB Mike Meyerhoff
|
0-0: Ball 1-0: Swinging Strike 1-1: Swinging Strike 1-2: Ball 2-2: Strikes out swinging
|
|
Pitching: RHP Jose Saenz
|
|
|
Batting: RHB Mike Jaquez
|
0-0: Foul Ball, location: 2F 0-1: SINGLE (Groundball, 56D, EV 101.9 MPH)
|
|
Batting: LHB Roman Downey
|
0-0: Foul Ball, location: 2F 0-1: Foul Ball, location: 2F 0-2: Ball 1-2: Ball 2-2: Foul Ball, location: 2F 2-2: Ball 3-2: Foul Ball, location: 2F 3-2: Grounds into double play, 4-6-3 (Groundball, 4, EV 95.0 MPH)
|
| Bottom of the 9th over - 0 runs, 1 hit, 0 errors, 0 left on base; California 5 - Kansas City 0 |
|